 Dungeon Crawl Stone Soup version 0.29.1-1-gd02db6906a (webtiles) character file.

Game seed: 7201723569819983923

957 EvilAshe the Digger (level 7, -2/46 HPs)
             Began as a Vampire Earth Elementalist on Sept 21, 2022.
             Was an Initiate of Yredelemnul.
             Killed by divine providence
             ... invoked by an orc priest
              (12 damage)
             ... on level 6 of the Dungeon.
             The game lasted 00:13:31 (4856 turns).

EvilAshe the Digger (Vampire Earth Elementalist)    Turns: 4856, Time: 00:13:31

Health: -2/46      AC:  9    Str:  7    XL:     7   Next: 91%
Magic:  12/13      EV: 12    Int: 20    God:    Yredelemnul [......]
Gold:   267        SH:  0    Dex: 14    Spells: 9/15 levels left

rFire   + + .      SeeInvis +   j - staff of earth
rCold   . . .      Faith    .   (no shield)
rNeg    . . .      Spirit   .   x - +2 leather armour {rF+}
rPois   .          Reflect  .   s - +2 helmet
rElec   .          Harm     .   z - +0 cloak
rCorr   +          Rampage  .   (no gloves)
Will    .....                   (no boots)
Stlth   ++........              (no amulet)
HPRegen 0.35/turn               p - ring of protection from fire
MPRegen 0.13/turn               q - ring of resist corrosion

@: healing quickly
A: alive, fangs 3, see invisible, vampiric 2
a: Exsanguinate, Renounce Religion, Recall Undead Harvest


You were on level 6 of the Dungeon.
You worshipped Yredelemnul.
Yredelemnul was noncommittal.
You visited 2 branches of the dungeon, and saw 8 of its levels.

You collected 267 gold pieces.

Inventory:

Hand Weapons
 c - a +0 trident
Armour
 s - a +2 helmet (worn)
 x - a +2 leather armour of fire resistance (worn)
 z - a +0 cloak (worn)
Magical Staves
 j - a staff of earth (weapon)
Jewellery
 e - a ring of willpower
 p - a ring of protection from fire (left hand)
 q - a ring of resist corrosion (right hand)
Wands
 y - a wand of digging (4)
 B - a wand of quicksilver (7)
 D - a wand of flame (14)
Scrolls
 a - a scroll of enchant armour {unknown}
 d - a scroll of teleportation {unknown}
 i - a scroll of immolation {unknown}
 k - a scroll of magic mapping
 l - a scroll of brand weapon {unknown}
 n - a scroll of blinking {unknown}
 r - a scroll of noise {unknown}
 v - 2 scrolls of poison {unknown}
 w - 2 scrolls of fear {unknown}
 A - a scroll of amnesia {unknown}
 C - a scroll of vulnerability {unknown}
Potions
 b - a potion of magic
 f - 4 potions of curing
 g - a potion of invisibility {unknown}
 h - a potion of resistance {unknown}
 m - a potion of mutation {unknown}
 o - 5 potions of haste
 t - 4 potions of lignification
 u - 2 potions of brilliance {unknown}


   Skills:
 + Level 4.1 Dodging
 - Level 3.0 Stealth
 + Level 4.5 Spellcasting
 - Level 3.4 Transmutations
 * Level 7.1 Earth Magic


You had 9 spell levels left.
You knew the following spells:

 Your Spells              Type           Power      Damage    Failure   Level
a - Sandblast             Erth           98%        2d20      1%          1
b - Stone Arrow           Conj/Erth      56%        3d10      13%         3
c - Passwall              Tmut/Erth      31%        N/A       3%          2

Your spell library contained the following spells:

 Spells                   Type           Power      Damage    Failure   Level
 Slow                     Hex            16%        N/A       19%         1
 Petrify                  Tmut/Erth      38%        N/A       21%         4
 Confusing Touch          Hex            4%         N/A       50%         3
 Frozen Ramparts          Ice            8%         1d2       50%         3
 Ozocubu's Armour         Ice            4%         N/A       50%         3
 Vampiric Draining        Necr           4%         2d6       50%         3
 Ice Form                 Ice/Tmut       11%        N/A       65%         4
 Summon Ice Beast         Ice/Summ       4%         N/A       88%         4
 Ozocubu's Refrigeration  Ice            2%         4d7       100%        7


Dungeon Overview and Level Annotations

Branches:
Dungeon (7/15)             Temple (1/1) D:4

Altars:
Ashenzari
Cheibriados
Dithmenos
Gozag
Hepliaklqana
Kikubaaqudgha
Makhleb
Nemelex Xobeh
Qazlal
Ru
Trog
Vehumet
Wu Jian
Xom
Yredelemnul

Shops:
D:1 (

Annotations:
D:3 Ijyb
Temple 2 transporters


Innate Abilities, Weirdness & Mutations

Your natural rate of healing is accelerated.
You have razor-sharp teeth.
You have supernaturally acute eyesight. (SInv)
You are afflicted with vampirism and can become a bat while bloodless.


Message History

The orc warrior shoots a bolt.
The bolt barely misses your orc priest zombie.
The bolt hits you!!
Your orc priest zombie hits the orc warrior but does no damage.
There is a stone staircase leading up, spattered with blood here.
You climb upwards.
There is a stone staircase leading down here.
You see here 2 potions of degeneration.
You start resting.
HP restored.
You climb downwards.
There is a stone staircase leading up, spattered with blood here.
The orc warrior unwields a +0 dire flail.
The orc warrior wields a +0 arbalest.
The orc warrior shoots a bolt.
The bolt closely misses you.
Casting: Sandblast (safe; 1% risk of failure)
Confirm with . or Enter, or press ? or * to list all spells.
Aiming: Sandblast (safe; 1% risk of failure)
Press: ? - help, Shift-Dir - straight line, f - orc warrior
Aim: an orc warrior, wielding a +0 arbalest and wearing a +0 chain mail (83% to hit)
You feel a surge of power!
The blast of sand hits the orc warrior!
The orc warrior is severely wounded.
The orc warrior shoots a bolt.
The bolt hits you!!
The orc wizard casts a spell.
The orc wizard flickers and vanishes for a moment.
The orc priest calls down the wrath of Beogh upon you.
Beogh smites you!
* * * LOW HITPOINT WARNING * * *
You hit the orc wizard but do no damage.
The orc wizard points at you and mumbles some strange words.
The magic dart hits you but does no damage.
The orc warrior shoots a bolt.
The bolt barely misses you. The orc wizard casts a spell at you.
The puff of flame hits you. You resist.
* * * LOW HITPOINT WARNING * * *
The orc wizard closely misses you.
The orc priest calls down the wrath of Beogh upon you.
Beogh smites you!
You die...
Yredelemnul claims you as an undead slave.

#....#..##...# #.........
#..##.##.# .. ##....>.>.
#.# #. #.# #
..######...##.. #.. #..#.#
.## #.........##### #.
##.#.# ..########....####
#...# ..#######........
###.#######..##......#.....
#..oo.o.##....###<######.
#.)####o@#..# ##........
##.# ##<#..####...#####.
... #......<...##
##Z#...)....#####.#
#o####........##.#
ooo....#....#.....
..######.#....##..# #.#
..##...##..# #.## #...#..#


You could see an orc warrior, an orc priest and 2 orc wizards.

Vanquished Creatures
  A wyvern (D:6)
  A sky beast (D:6)
  An ogre (D:5)
  3 scorpions
  5 hounds
  2 orc priests
  Jessica (D:3)
  An iguana (D:5)
  An orc wizard (D:4)
  Robin (D:2)
  5 adders
  An ufetubus (D:5)
  2 worms
  A dart slug (D:1)
  12 orcs
  2 bats
  2 endoplasms
  3 giant cockroaches
  17 goblins
  7 hobgoblins
  8 jackals
  5 quokkas
  8 ball pythons
  6 frilled lizards
  4 kobolds
  2 rats (D:2)
102 creatures vanquished.

Vanquished Creatures (others)
  2 orc zombies
2 creatures vanquished.

Grand Total: 104 creatures vanquished

Notes
Turn   | Place    | Note
-------+----------+-------------------------------------------
     0 | D:1      | EvilAshe the Vampire Earth Elementalist began the quest for
                  | the Orb.
     0 | D:1      | Reached XP level 1. HP: 13/13 MP: 3/3
    93 | D:1      | Found Fixtaneisiy's Weapon Shoppe.
    95 | D:1      | You fall into a shaft and drop 1 floor!
   354 | D:1      | Reached XP level 2. HP: 10/19 MP: 3/5
   649 | D:1      | Learned a level 2 spell: Passwall
  1181 | D:2      | Gained mutation: You are afflicted with vampirism and can
                  | become a bat while bloodless. [Vampire growth]
  1181 | D:2      | Reached XP level 3. HP: 24/24 MP: 3/6
  1472 | D:2      | Noticed Robin
  1500 | D:2      | Reached skill level 4 in Earth Magic
  1538 | D:2      | Learned a level 3 spell: Stone Arrow
  1554 | D:2      | Killed Robin
  1555 | D:2      | Reached XP level 4. HP: 30/30 MP: 2/7
  1838 | D:2      | Found a faded altar of an unknown god.
  2255 | D:3      | Noticed an ogre
  2328 | D:3      | Noticed Jessica
  2331 | D:3      | Killed Jessica
  2469 | D:3      | Noticed Ijyb
  2521 | D:5      | Entered Level 5 of the Dungeon
  2561 | D:4      | Reached XP level 5. HP: 35/35 MP: 7/9
  2671 | D:4      | Reached skill level 5 in Earth Magic
  2805 | D:4      | Found a staircase to the Ecumenical Temple.
  2818 | Temple   | Entered the Ecumenical Temple
  2818 | Temple   | Found a transporter.
  2818 | Temple   | Found a transporter.
  2826 | Temple   | Found a transporter.
  2826 | Temple   | Found a transporter.
  2912 | Temple   | Became a worshipper of Yredelemnul the Dark
  2926 | D:4      | Identified the +9 quarterstaff of Plague {flame, Dex+8}
  2932 | D:4      | Reached XP level 6. HP: 41/41 MP: 5/11
  3677 | D:5      | Reached skill level 6 in Earth Magic
  3677 | D:5      | Reached XP level 7. HP: 46/46 MP: 9/12
  3740 | D:5      | Reached * piety under Yredelemnul
  3753 | D:6      | Noticed a wyvern
  4541 | D:6      | Killed a wyvern
  4742 | D:6      | Reached skill level 7 in Earth Magic
  4856 | D:6      | Killed from afar by an orc priest

Illustrated notes

Levels and vault maps discovered:
D:1:      minmay_arrival_wavy_path, layout_basic, serial_shops,
          nicolae_diamond_shop
D:2:      layout_loops_cross, hellmonk_ecumenical_altar_pennies_from_heaven,
          chequers_serial_rivers_small_3, minmay_tromino_v4_b, uniq_robin
D:3:      layout_loops_ring, uniq_terence, uniq_jessica, uniq_ijyb
D:4:      layout_loops_ring, minmay_temple_entry_mist,
          dreamdust_mushroom_princess
D:5:      layout_basic
D:6:      layout_rooms, serial_shops, shop
D:7:      layout_basic, gammafunk_ghost_cemetery, serial_shops, shop,
          st_stairs_2, minmay_fractal_squares_diagonal_5, uniq_prince_ribbit1
Temple:   hellmonk_temple_divided_pantheon

Skill      XL: |  1  2  3  4  5  6  7 |
---------------+----------------------+-----
Transmutations | 2 3 |  3.4
Earth Magic    | 4 5 6 7 |  7.1
Spellcasting   | 3 4 |  4.5
Dodging        | 3 4 |  4.1
Stealth        | |  3.0

Action                   |  1- 3 |  4- 6 |  7- 9 || total
-------------------------+-------+-------+-------++-------
Melee: Trident           |    26 |       |       ||    26
       Bite              |     5 |       |       ||     5
       Staff             |       |       |     3 ||     3
 Cast: Sandblast         |    48 |    67 |    29 ||   144
       Passwall          |       |     1 |       ||     1
  Use: Scroll            |       |     1 |     4 ||     5
Armor: Robe              |     3 |     4 |       ||     7
       Leather armour    |       |       |     7 ||     7
Dodge: Dodged            |    36 |    17 |    15 ||    68
